cohdb
Replays
Latest Replays
All Replays
Popular Replays
Top Player Replays
Match Explorer
How It Works
Community
CoH3 Stats
Reddit
Sign in to upload your games and track your stats! →
Sign in with Steam
Match 44446180
Unlisted
Match 44446180
Overview
Messages
Build Orders
End
Kettenkrad Recon Vehicle
Construct Infanterie Kompanie
Selects Terror Battlegroup
Selects Terror Battlegroup
MG 42 Machine Gun Team
GrW 34 Mortar Team
MG 42 Machine Gun Team
Construct Luftwaffe Kompanie
MG 42 Machine Gun Team
Selects Heavy Gunnery
Kettenkrad Recon Vehicle
Support Elements
Selects Contempt for the Weak
MG 42 Machine Gun Team
MG 42 Machine Gun Team
Grenadier Squad
Wirbelwind Flakpanzer
MG 42 Machine Gun Team
Wirbelwind Flakpanzer
Selects Propaganda Leaflet Drop
MG 42 Machine Gun Team
Kettenkrad Recon Vehicle
Propaganda Leaflet Drop
MG 42 Machine Gun Team
Propaganda Leaflet Drop
Construct Panzer Kompanie
MG 42 Machine Gun Team
MG 42 Machine Gun Team
Propaganda Leaflet Drop
Selects V1 Rocket Strike
Kettenkrad Recon Vehicle
Panzer IV Medium Tank
MG 42 Machine Gun Team
Side Skirts
Kettenkrad Recon Vehicle
V1 Rocket Strike
MG 42 Machine Gun Team
MG 42 Machine Gun Team
Selects Defend the Fatherland
MG 42 Machine Gun Team
MG 42 Machine Gun Team
nq8054
Valar[M]orgHulis
SCS
홍찍자지
Undead
278283
MERCENARYCORPS
Time
0
0
Comments
sign in to comment!
No comments posted yet!